 Dungeon Crawl Stone Soup version 0.21.1-1-g345015fe64 (webtiles) character file.

95 Holzbalken the Poker (level 4, -1/34 HPs)
             Began as a Merfolk Gladiator on July 7, 2018.
             Killed by nerve-wracking pain
             ... invoked by an orc priest
              (4 damage)
             ... on level 3 of the Dungeon.
             The game lasted 00:14:55 (2061 turns).

Holzbalken the Poker (Merfolk Gladiator)            Turns: 2061, Time: 00:14:56

Health: -1/34      AC:  9    Str: 14    XL:     4   Next: 66%
Magic:  4/4        EV: 11    Int:  7    God:
Gold:   143        SH:  0    Dex: 16    Spells: 3/3 levels left

rFire    . . .     SeeInvis .   a - +1 trident
rCold    . . .     Gourm    .   (no shield)
rNeg     . . .     Faith    .   p - +0 scale mail (curse)
rPois    .         Spirit   .   c - +1 helmet
rElec    .         Reflect  .   (no cloak)
rCorr    .         Harm     .   (no gloves)
MR       .....                  i - +0 pair of boots
Stlth    ..........             (no amulet)
HPRegen  0.11/turn              (no ring)
MPRegen  0.09/turn              (no ring)

@: no status effects
A: change form in water, swift swim, stealthy swim
a: no special abilities


You were on level 3 of the Dungeon.
You were not hungry.

You visited 1 branch of the dungeon, and saw 3 of its levels.

You collected 143 gold pieces.

Inventory:

Hand Weapons
 a - a +1 trident (weapon)
Missiles
 d - 4 throwing nets (quivered)
Armour
 b - a +0 leather armour
 c - a +1 helmet (worn)
 e - a +0 leather armour
 i - a +0 pair of boots (worn)
 k - a +0 leather armour
 n - a +0 leather armour
 o - a +0 chain mail
 p - a cursed +0 scale mail (worn)
 r - a +0 scale mail
Scrolls
 h - a scroll of remove curse {unknown}
 m - a scroll of identify
 s - 2 scrolls of enchant armour
Potions
 g - a potion of lignification {unknown}
 j - 2 potions of ambrosia
 l - a potion of degeneration {unknown}
 q - a potion of magic {unknown}
Comestibles
 f - 8 rations
 v - 12 chunks of flesh


   Skills:
 + Level 2.8 Fighting
 * Level 5.7 Polearms
 - Level 2.0 Throwing
 * Level 1.5 Armour
 + Level 4.7 Dodging


You had 3 spell levels left.
You didn't know any spells.

Dungeon Overview and Level Annotations

Branches:
Dungeon (3/15)

Altars:


Message History

You hit the orc priest but do no damage.
The orc priest is lightly wounded.
The orc priest casts a cantrip, but nothing happens.
The goblin throws a stone.
The stone hits you.
* * * LOW HITPOINT WARNING * * *
Attack whom?
Press: ? - help, Dir - move target cursor, f/p - orc priest
Aim: an orc priest, wielding a hand axe and wearing a ring mail (lightly wounded)
You barely miss the orc priest.
The orc priest is lightly wounded.
The orc priest barely misses you.
The goblin throws a stone.
The stone closely misses you.
Attack whom?
Press: ? - help, Dir - move target cursor, f/p - orc priest
Aim: an orc priest, wielding a hand axe and wearing a ring mail (lightly wounded)
You hit the orc priest but do no damage.
The orc priest is lightly wounded.
The orc priest mumbles some strange prayers to Beogh against you.
Pain shoots through your body!
You die...

#..........#.....#
.....#.
#................##
#...####.
###..#.###........#....
#. #.##..............#
#. #. #####..........#
#. #. ##.####....... #$
.. #..# #####.. ##.#
#@# #o## #o.# ##.# ....
# ?....o. .# #......o..
#####.## #..!...o..
#......# #......o..


You could see an orc priest and an orc.

Vanquished Creatures
  3 adders
  An ooze (D:3)
  A worm (D:2)
  2 dart slugs (D:1)
  A leopard gecko (D:2)
  3 orcs (D:3)
  3 giant cockroaches
  7 goblins
  3 hobgoblins
  8 jackals (D:3)
  5 kobolds
  A ball python (D:3)
  4 bats
  4 frilled lizards
  7 rats
53 creatures vanquished.

Notes
Turn   | Place    | Note
-------+----------+-------------------------------------------
     0 | D:1      | Holzbalken the Merfolk Gladiator began the quest for the Orb.
     0 | D:1      | Reached XP level 1. HP: 16/16 MP: 1/1
   226 | D:1      | Reached XP level 2. HP: 16/22 MP: 2/2
   887 | D:2      | Reached skill level 5 in Polearms
   887 | D:2      | Reached XP level 3. HP: 28/28 MP: 3/3
   888 | D:2      | Reached skill level 1 in Armour
  1618 | D:2      | Reached XP level 4. HP: 34/34 MP: 4/4
  2061 | D:3      | Killed from afar by an orc priest

Skill      XL: |  1  2  3 |
---------------+----------+-----
Polearms       | 5 |  5.7
Armour         | 1 |  1.5
Fighting       | |  2.8
Throwing       | |  2.0
Dodging        | |  4.7

Action                   |  1- 3 |  4- 6 || total
-------------------------+-------+-------++-------
Melee: Trident           |    92 |    74 ||   166
  Use: Scroll            |       |     5 ||     5
 Stab: Sleeping          |     5 |     1 ||     6
  Eat: Chunk             |     2 |     2 ||     4
Armor: Leather armour    |    14 |     2 ||    16
       Scale mail        |       |    20 ||    20
Dodge: Dodged            |    50 |    37 ||    87
